Connexion

Gulls vs Senators

Created - 8 février 2024 at 05:49

Goals
1 2 3 T
Gulls 1 1 1 3
Senators 0 2 2 4
Shots
1 2 3 T
Gulls 14 7 12 33
Senators 11 8 7 26

GoalsPenalties
1st period
1. Gulls , Lars Eller 2 (Dalton Smith 16, Lucas Carlsson 26) at 6:09 (PP)
Martin Chromiak (BEL) for High sticking (Minor) at 5:48
Gustav Bouramman (SAN) for Cross-checking (Minor) at 14:56
2nd period
2. Senators , Aleksi Heponiemi 14 (Ben Jones 14, Ian Mitchell 29) at 5:01
3. Gulls , Marcus Kallionkelli 3 (Lucas Carlsson 27, Janne Juvonen) at 11:48 (SH)
4. Senators , Zac Jones 11 (Wade Allison 28, Ian Mitchell 30) at 16:57 (PP)
TJ Hensick (SAN) for Hooking (Minor) at 10:42
Fabian Zetterlund (SAN) for Interference (Minor) at 16:39
3rd period
5. Gulls , Phil Di Giuseppe 19 (Mirco Mueller 38, Linus Olund 26) at 6:40
6. Senators , Aliaksei Protas 21 (Alex Beaucage 7, Akil Thomas 23) at 11:38
7. Senators , Wade Allison 14 (Aleksi Heponiemi 18, Ben Jones 15) at 17:28 (PP)
Dmitry Kulikov (SAN) for Roughing (Minor) at 17:10
Goalie Stats
Janne Juvonen (SAN), 22 saves from 26 shots - (0,846), L, 10-11-0, 59:01 minutes
Leevi Merilainen (BEL), 30 saves from 33 shots - (0,909), W, 26-21-4, 60:00 minutes
3 StarsOfficial
1 - Zac Jones (BEL)
2 - Ian Mitchell (BEL)
3 - Wade Allison (BEL)
Referees : Dan O'Halloran and Gord Dwyer
Linesman : Andy McElman and Brad Kovachik
Game Note
No Game Note
Finance
Level 1 -- Attendance: 2000 (100,00%) -- Ticket Income $70,000
Level 2 -- Attendance: 844 (84,40%) -- Ticket Income $16,880
Total Attendance: 2844 (94,80%)
Total Ticket Income: $86,880
Other Income: $17,376
Total Income: $104,256



Team Name Goals Shots Shots Attemp Shots Blocked PIM HIT PP PK FO%
Gulls 3335588221 / 1 (100%)260%
Senators 4264572322 / 4 (50%)140%

Gulls
Player Name POS G A P +/- PIM HIT SHT SB MP PP MP PP SHT PK MP PK SHT FO% FOT
Alex LimogesC/LW000000108:020:0000:15067% 12
Dalton SmithLW011001208:080:2100:000100% 1
Dmitry KulikovD0001210325:410:0002:1600% 0
Dylan SikuraC/LW/RW0000003014:230:0000:0900% 0
Fabian ZetterlundC/LW/RW0000201019:500:0000:00050% 2
Gustav BourammanD0000200014:460:0000:0000% 0
Jean-Gabriel PageauC0000054123:020:0002:59065% 26
Lars EllerC/LW1010026020:520:2110:00050% 4
Linus OlundC011-1002016:340:0002:53055% 20
Lucas CarlssonD022-1013019:130:2102:0000% 0
Lukas VejdemoC/LW/RW0000004121:530:0001:05050% 2
Marcus KallionkelliLW101100101:040:0001:0410% 0
Mirco MuellerD0111021226:000:0002:3400% 0
Phil Di GiuseppeLW/RW101-1023013:010:0000:0000% 0
Ryan SheaD000-1010119:310:2102:1800% 0
Sam KurkerRW0000042013:460:0000:0000% 2
TJ HensickC/RW0000200014:490:2100:43063% 16
Trevor MurphyD0000030014:470:0000:0000% 0
Senators
Player Name POS G A P +/- PIM HIT SHT SB MP PP MP PP SHT PK MP PK SHT FO% FOT
Adam BeckmanC/LW0000022016:320:0000:00033% 21
Akil ThomasC/RW0111023020:121:4600:0000% 2
Aleksi HeponiemiC/LW/RW112-1003019:372:4800:0000% 1
Alex BeaucageLW/RW0111001020:331:4600:2100% 2
Aliaksei ProtasC1011033023:511:4600:21054% 26
Ben JonesC022-1052019:372:4800:00037% 27
Ian MitchellD0221020422:562:1200:0400% 0
Jack RathboneD000-1021022:132:2210:1700% 0
Jamieson ReesC000000003:180:0000:00060% 5
Joey KeaneD000-1031022:132:2210:1700% 0
Layton AhacD0000010114:510:0000:0000% 0
Linus WeissbachLW000000003:180:0000:0000% 0
Martin ChromiakLW/RW0000242016:310:0000:0000% 0
Ryan MerkleyD0000000114:510:0000:0000% 0
Theodor NiederbachC/RW0000010016:320:0000:0000% 0
Tyler MaddenC000000000:000:0000:0000% 0
Wade AllisonRW112-1036019:372:4820:0000% 1
Zac JonesD1011042122:562:1210:0400% 0



Play-by-Play

1st period


0:01 of 1st period - Aliaksei Protas wins face-off versus Jean-Gabriel Pageau in neutral zone.
0:04 of 1st period - Shot by Alex Beaucage.
0:04 of 1st period - Shot Misses the Net.
0:20 of 1st period - Shot by Alex Beaucage.
0:20 of 1st period - Shot Blocked by Dmitry Kulikov.
0:29 of 1st period - Jean-Gabriel Pageau is hit by Zac Jones and loses puck.
0:35 of 1st period - Jean-Gabriel Pageau is hit by Zac Jones and loses puck.
0:40 of 1st period - Shot by Jean-Gabriel Pageau.
0:40 of 1st period - Stopped by Leevi Merilainen without a rebound.
0:41 of 1st period - Linus Olund wins face-off versus Ben Jones in Senators zone.
1:04 of 1st period - Shot by Ben Jones.
1:04 of 1st period - Stopped by Janne Juvonen without a rebound.
1:05 of 1st period - Adam Beckman wins face-off versus Sam Kurker in Gulls zone.
1:14 of 1st period - Shot by Adam Beckman.
1:14 of 1st period - Stopped by Janne Juvonen without a rebound.
1:15 of 1st period - Jamieson Rees wins face-off versus Alex Limoges in Gulls zone.
1:54 of 1st period - Shot by Lukas Vejdemo.
1:54 of 1st period - Shot Misses the Net.
2:05 of 1st period - Icing by Dmitry Kulikov.
2:06 of 1st period - Alex Limoges wins face-off versus Ben Jones in Gulls zone.
2:25 of 1st period - Jean-Gabriel Pageau is hit by Wade Allison and loses puck.
2:34 of 1st period - Shot by Lars Eller.
2:34 of 1st period - Shot Misses the Net.
2:52 of 1st period - Shot by Jean-Gabriel Pageau.
2:52 of 1st period - Stopped by Leevi Merilainen without a rebound.
2:53 of 1st period - TJ Hensick wins face-off versus Adam Beckman in Senators zone.
3:43 of 1st period - Jean-Gabriel Pageau is hit by Martin Chromiak and loses puck.
4:09 of 1st period - Aliaksei Protas is hit by Dmitry Kulikov and loses puck.
4:24 of 1st period - Shot by Linus Olund.
4:24 of 1st period - Deflect By Lukas Vejdemo.
4:24 of 1st period - Stopped by Leevi Merilainen without a rebound.
4:25 of 1st period - Ben Jones wins face-off versus Linus Olund in Senators zone.
4:34 of 1st period - Shot by Wade Allison.
4:34 of 1st period - Stopped by Janne Juvonen without a rebound.
4:35 of 1st period - Linus Olund wins face-off versus Ben Jones in Gulls zone.
4:35 of 1st period - Linus Olund is hit by Ben Jones.
4:53 of 1st period - Icing by Lucas Carlsson.
4:54 of 1st period - Linus Olund wins face-off versus Aliaksei Protas in Gulls zone.
5:01 of 1st period - Shot by Linus Olund.
5:01 of 1st period - Stopped by Leevi Merilainen with a rebound.
5:03 of 1st period - Shot by Linus Olund.
5:03 of 1st period - Shot Misses the Net.
5:05 of 1st period - Shot by Lukas Vejdemo.
5:05 of 1st period - Stopped by Leevi Merilainen without a rebound.
5:06 of 1st period - Fabian Zetterlund wins face-off versus Adam Beckman in Senators zone.
5:47 of 1st period - Mirco Mueller is hit by Martin Chromiak and loses puck.
5:48 of 1st period - Minor Penalty to Martin Chromiak for High sticking.
5:49 of 1st period - Aliaksei Protas wins face-off versus Lars Eller in Senators zone.
5:58 of 1st period - Joey Keane is hit by Dalton Smith and loses puck.
6:03 of 1st period - Shot by Lucas Carlsson.
6:03 of 1st period - Shot Misses the Net.
6:05 of 1st period - Shot by Dalton Smith.
6:05 of 1st period - Shot Misses the Net.
6:09 of 1st period - Shot by Lars Eller.
6:09 of 1st period - Goal by Lars Eller - Gulls : 1 - Senators : 0.
6:10 of 1st period - Linus Olund wins face-off versus Wade Allison in neutral zone.
6:25 of 1st period - Shot by Ian Mitchell.
6:25 of 1st period - Shot Misses the Net.
6:27 of 1st period - Shot by Aleksi Heponiemi.
6:27 of 1st period - Stopped by Janne Juvonen with a rebound.
6:29 of 1st period - Shot by Ben Jones.
6:29 of 1st period - Stopped by Janne Juvonen without a rebound.
6:30 of 1st period - TJ Hensick wins face-off versus Aliaksei Protas in Gulls zone.
7:16 of 1st period - Icing by Jack Rathbone.
7:17 of 1st period - Linus Olund wins face-off versus Aliaksei Protas in Senators zone.
7:28 of 1st period - Shot by Lukas Vejdemo.
7:28 of 1st period - Stopped by Leevi Merilainen without a rebound.
7:29 of 1st period - Jean-Gabriel Pageau wins face-off versus Ben Jones in Senators zone.
7:53 of 1st period - Jean-Gabriel Pageau is hit by Ian Mitchell and loses puck.
7:56 of 1st period - Shot by Lars Eller.
7:56 of 1st period - Stopped by Leevi Merilainen without a rebound.
7:57 of 1st period - Adam Beckman wins face-off versus Linus Olund in Senators zone.
8:12 of 1st period - Shot by Lukas Vejdemo.
8:12 of 1st period - Shot Blocked by Layton Ahac.
8:18 of 1st period - Shot by Phil Di Giuseppe.
8:18 of 1st period - Stopped by Leevi Merilainen without a rebound.
8:19 of 1st period - Aliaksei Protas wins face-off versus Jean-Gabriel Pageau in Senators zone.
8:47 of 1st period - Off-side.
8:48 of 1st period - Alex Limoges wins face-off versus Ben Jones in neutral zone.
9:16 of 1st period - Icing by Wade Allison.
9:17 of 1st period - Jean-Gabriel Pageau wins face-off versus Ben Jones in Senators zone.
9:33 of 1st period - Shot by Wade Allison.
9:33 of 1st period - Shot Misses the Net.
9:57 of 1st period - Icing by Dmitry Kulikov.
9:58 of 1st period - Aliaksei Protas wins face-off versus Jean-Gabriel Pageau in Gulls zone.
9:59 of 1st period - Shot by Akil Thomas.
9:59 of 1st period - Stopped by Janne Juvonen without a rebound.
10:00 of 1st period - Aliaksei Protas wins face-off versus Linus Olund in Gulls zone.
10:56 of 1st period - Icing by Ryan Merkley.
10:57 of 1st period - Jean-Gabriel Pageau wins face-off versus Adam Beckman in Senators zone.
11:06 of 1st period - Shot by Jean-Gabriel Pageau.
11:06 of 1st period - Stopped by Leevi Merilainen without a rebound.
11:07 of 1st period - Ben Jones wins face-off versus TJ Hensick in Senators zone.
11:07 of 1st period - Ben Jones is hit by Sam Kurker.
11:56 of 1st period - Ben Jones is hit by Sam Kurker and loses puck.
12:08 of 1st period - Off-side.
12:09 of 1st period - Alex Limoges wins face-off versus Alex Beaucage in neutral zone.
12:17 of 1st period - Icing by Ian Mitchell.
12:18 of 1st period - Jean-Gabriel Pageau wins face-off versus Aliaksei Protas in Senators zone.
12:43 of 1st period - Shot by Lars Eller.
12:43 of 1st period - Stopped by Leevi Merilainen without a rebound.
12:44 of 1st period - Alex Limoges wins face-off versus Adam Beckman in Senators zone.
13:14 of 1st period - Shot by Dalton Smith.
13:14 of 1st period - Stopped by Leevi Merilainen with a rebound.
13:16 of 1st period - Shot by Alex Limoges.
13:16 of 1st period - Stopped by Leevi Merilainen without a rebound.
13:17 of 1st period - Aliaksei Protas wins face-off versus Jean-Gabriel Pageau in Senators zone.
13:17 of 1st period - Aliaksei Protas is hit by Jean-Gabriel Pageau.
13:22 of 1st period - Akil Thomas is hit by Jean-Gabriel Pageau.
13:24 of 1st period - Shot by Zac Jones.
13:24 of 1st period - Shot Blocked by Jean-Gabriel Pageau.
14:56 of 1st period - Minor Penalty to Gustav Bouramman for Cross-checking.
14:57 of 1st period - Ben Jones wins face-off versus Jean-Gabriel Pageau in Gulls zone.
14:58 of 1st period - Shot by Joey Keane.
14:58 of 1st period - Shot Misses the Net.
15:06 of 1st period - Shot by Aleksi Heponiemi.
15:06 of 1st period - Shot Blocked by Dmitry Kulikov.
15:08 of 1st period - Shot by Joey Keane.
15:08 of 1st period - Stopped by Janne Juvonen without a rebound.
15:09 of 1st period - Ben Jones wins face-off versus Jean-Gabriel Pageau in Gulls zone.
15:21 of 1st period - Shot by Wade Allison.
15:21 of 1st period - Stopped by Janne Juvonen without a rebound.
15:22 of 1st period - Jean-Gabriel Pageau wins face-off versus Ben Jones in Gulls zone.
15:40 of 1st period - Icing by Joey Keane.
15:41 of 1st period - Jean-Gabriel Pageau wins face-off versus Ben Jones in Senators zone.
15:54 of 1st period - Joey Keane is hit by Jean-Gabriel Pageau and loses puck.
16:25 of 1st period - Dmitry Kulikov is hit by Aliaksei Protas and loses puck.
17:22 of 1st period - Shot by Lars Eller.
17:22 of 1st period - Shot Misses the Net.
17:57 of 1st period - Shot by Dalton Smith.
17:57 of 1st period - Stopped by Leevi Merilainen without a rebound.
17:58 of 1st period - Ben Jones wins face-off versus TJ Hensick in Senators zone.
18:15 of 1st period - Shot by Wade Allison.
18:15 of 1st period - Deflect By Aleksi Heponiemi.
18:15 of 1st period - Shot Blocked by Mirco Mueller.
18:31 of 1st period - Shot by Wade Allison.
18:31 of 1st period - Stopped by Janne Juvonen with a rebound.
19:29 of 1st period - Shot by Aliaksei Protas.
19:29 of 1st period - Deflect By Akil Thomas.
19:29 of 1st period - Shot Hit the Post.
19:31 of 1st period - Shot by Akil Thomas.
19:31 of 1st period - Stopped by Janne Juvonen without a rebound.
19:32 of 1st period - Jean-Gabriel Pageau wins face-off versus Adam Beckman in Gulls zone.
19:32 of 1st period - Jean-Gabriel Pageau is hit by Adam Beckman.
19:38 of 1st period - Jean-Gabriel Pageau is hit by Martin Chromiak and loses puck.
19:51 of 1st period - Shot by Martin Chromiak.
19:51 of 1st period - Stopped by Janne Juvonen without a rebound.
19:52 of 1st period - Dalton Smith wins face-off versus Jamieson Rees in Gulls zone.
19:52 of 1st period - Dalton Smith is hit by Aliaksei Protas.
Goals for this period are 1 for Gulls vs 0 for Senators.
Shots for this period are 14 for Gulls vs 11 for Senators.

2nd period


0:01 of 2nd period - Lukas Vejdemo wins face-off versus Aliaksei Protas in neutral zone.
0:24 of 2nd period - Shot by Alex Beaucage.
0:24 of 2nd period - Shot Blocked by Lukas Vejdemo.
0:26 of 2nd period - Shot by Zac Jones.
0:26 of 2nd period - Shot Misses the Net.
0:28 of 2nd period - Shot by Zac Jones.
0:28 of 2nd period - Deflect By Akil Thomas.
0:28 of 2nd period - Stopped by Janne Juvonen with a rebound.
0:34 of 2nd period - Shot by Aliaksei Protas.
0:34 of 2nd period - Stopped by Janne Juvonen without a rebound.
0:35 of 2nd period - Jean-Gabriel Pageau wins face-off versus Aleksi Heponiemi in Gulls zone.
0:35 of 2nd period - Jean-Gabriel Pageau is hit by Ben Jones.
0:58 of 2nd period - Shot by Ben Jones.
0:58 of 2nd period - Deflect By Aleksi Heponiemi.
0:58 of 2nd period - Shot Misses the Net.
1:32 of 2nd period - Icing by Lars Eller.
1:33 of 2nd period - Aliaksei Protas wins face-off versus Lars Eller in Gulls zone.
2:00 of 2nd period - Linus Olund is hit by Akil Thomas and loses puck.
2:39 of 2nd period - Shot by Sam Kurker.
2:39 of 2nd period - Deflect By Dylan Sikura.
2:39 of 2nd period - Shot Misses the Net.
2:41 of 2nd period - Shot by Dylan Sikura.
2:41 of 2nd period - Stopped by Leevi Merilainen without a rebound.
2:42 of 2nd period - TJ Hensick wins face-off versus Adam Beckman in Senators zone.
3:01 of 2nd period - Shot by Adam Beckman.
3:01 of 2nd period - Shot Misses the Net.
3:49 of 2nd period - Dmitry Kulikov is hit by Ben Jones and loses puck.
3:53 of 2nd period - Icing by Fabian Zetterlund.
3:54 of 2nd period - Jean-Gabriel Pageau wins face-off versus Aliaksei Protas in Gulls zone.
3:59 of 2nd period - Linus Weissbach is hit by Jean-Gabriel Pageau and loses puck.
4:16 of 2nd period - Lars Eller is hit by Aliaksei Protas and loses puck.
5:01 of 2nd period - Shot by Aleksi Heponiemi.
5:01 of 2nd period - Goal by Aleksi Heponiemi - Gulls : 1 - Senators : 1.
5:02 of 2nd period - Adam Beckman wins face-off versus Alex Limoges in neutral zone.
5:07 of 2nd period - Shot by Martin Chromiak.
5:07 of 2nd period - Deflect By Adam Beckman.
5:07 of 2nd period - Stopped by Janne Juvonen without a rebound.
5:08 of 2nd period - Alex Limoges wins face-off versus Adam Beckman in Gulls zone.
5:23 of 2nd period - Lucas Carlsson is hit by Adam Beckman.
5:46 of 2nd period - Adam Beckman is hit by Ryan Shea and loses puck.
6:00 of 2nd period - Lucas Carlsson is hit by Wade Allison and loses puck.
6:26 of 2nd period - Fabian Zetterlund is hit by Zac Jones and loses puck.
6:29 of 2nd period - Shot by Fabian Zetterlund.
6:29 of 2nd period - Stopped by Leevi Merilainen without a rebound.
6:30 of 2nd period - Aliaksei Protas wins face-off versus TJ Hensick in Senators zone.
6:41 of 2nd period - Gustav Bouramman is hit by Akil Thomas and loses puck.
7:53 of 2nd period - Fabian Zetterlund is hit by Layton Ahac and loses puck.
8:52 of 2nd period - Shot by Aleksi Heponiemi.
8:52 of 2nd period - Shot Misses the Net.
8:54 of 2nd period - Shot by Wade Allison.
8:54 of 2nd period - Stopped by Janne Juvonen without a rebound.
8:55 of 2nd period - Alex Limoges wins face-off versus Aliaksei Protas in Gulls zone.
9:15 of 2nd period - Aliaksei Protas is hit by Trevor Murphy and loses puck.
9:43 of 2nd period - Icing by Dalton Smith.
9:44 of 2nd period - Adam Beckman wins face-off versus Lukas Vejdemo in Gulls zone.
10:41 of 2nd period - Shot by Lars Eller.
10:41 of 2nd period - Stopped by Leevi Merilainen without a rebound.
10:42 of 2nd period - Ben Jones wins face-off versus TJ Hensick in Senators zone.
10:42 of 2nd period - Minor Penalty to TJ Hensick for Hooking.
10:43 of 2nd period - Jean-Gabriel Pageau wins face-off versus Aliaksei Protas in Gulls zone.
11:00 of 2nd period - Shot by Jack Rathbone.
11:00 of 2nd period - Stopped by Janne Juvonen with a rebound.
11:07 of 2nd period - Icing by Joey Keane.
11:08 of 2nd period - Aliaksei Protas wins face-off versus Jean-Gabriel Pageau in Senators zone.
11:48 of 2nd period - Shot by Marcus Kallionkelli.
11:48 of 2nd period - Goal by Marcus Kallionkelli - Gulls : 2 - Senators : 1.
11:49 of 2nd period - Jean-Gabriel Pageau wins face-off versus Ben Jones in neutral zone.
13:06 of 2nd period - Icing by Gustav Bouramman.
13:07 of 2nd period - TJ Hensick wins face-off versus Aliaksei Protas in Gulls zone.
13:15 of 2nd period - Jack Rathbone is hit by Trevor Murphy.
13:22 of 2nd period - Off-side.
13:23 of 2nd period - Jamieson Rees wins face-off versus Alex Limoges in neutral zone.
13:55 of 2nd period - Shot by Linus Weissbach.
13:55 of 2nd period - Shot Blocked by Dmitry Kulikov.
13:57 of 2nd period - Shot by Aliaksei Protas.
13:57 of 2nd period - Stopped by Janne Juvonen without a rebound.
13:58 of 2nd period - Jean-Gabriel Pageau wins face-off versus Ben Jones in Gulls zone.
14:16 of 2nd period - Shot by Lucas Carlsson.
14:16 of 2nd period - Stopped by Leevi Merilainen without a rebound.
14:17 of 2nd period - TJ Hensick wins face-off versus Adam Beckman in Senators zone.
16:17 of 2nd period - Icing by Mirco Mueller.
16:18 of 2nd period - Linus Olund wins face-off versus Adam Beckman in Gulls zone.
16:31 of 2nd period - Jack Rathbone is hit by Phil Di Giuseppe and loses puck.
16:39 of 2nd period - Minor Penalty to Fabian Zetterlund for Interference.
16:40 of 2nd period - Jean-Gabriel Pageau wins face-off versus Ben Jones in Gulls zone.
16:57 of 2nd period - Shot by Zac Jones.
16:57 of 2nd period - Goal by Zac Jones - Gulls : 2 - Senators : 2.
16:58 of 2nd period - TJ Hensick wins face-off versus Aliaksei Protas in neutral zone.
17:23 of 2nd period - Alex Beaucage is hit by Trevor Murphy and loses puck.
18:26 of 2nd period - Shot by Lars Eller.
18:26 of 2nd period - Shot Blocked by Ian Mitchell.
18:30 of 2nd period - Shot by Lars Eller.
18:30 of 2nd period - Stopped by Leevi Merilainen with a rebound.
18:32 of 2nd period - Shot by Fabian Zetterlund.
18:32 of 2nd period - Shot Blocked by Ian Mitchell.
18:34 of 2nd period - Shot by Lucas Carlsson.
18:34 of 2nd period - Stopped by Leevi Merilainen without a rebound.
18:35 of 2nd period - Alex Limoges wins face-off versus Adam Beckman in Senators zone.
Goals for this period are 1 for Gulls vs 2 for Senators.
Shots for this period are 7 for Gulls vs 8 for Senators.

3rd period


0:01 of 3rd period - Linus Olund wins face-off versus Alex Beaucage in neutral zone.
0:52 of 3rd period - Icing by Aliaksei Protas.
0:53 of 3rd period - Jean-Gabriel Pageau wins face-off versus Aliaksei Protas in Senators zone.
2:08 of 3rd period - Shot by Aleksi Heponiemi.
2:08 of 3rd period - Stopped by Janne Juvonen without a rebound.
2:09 of 3rd period - Adam Beckman wins face-off versus Linus Olund in Gulls zone.
2:37 of 3rd period - Icing by Mirco Mueller.
2:38 of 3rd period - Ben Jones wins face-off versus Linus Olund in Gulls zone.
2:39 of 3rd period - Shot by Joey Keane.
2:39 of 3rd period - Shot Misses the Net.
2:42 of 3rd period - Icing by Dmitry Kulikov.
2:43 of 3rd period - Linus Olund wins face-off versus Ben Jones in Gulls zone.
2:43 of 3rd period - Linus Olund is hit by Ben Jones.
2:59 of 3rd period - Shot by Wade Allison.
2:59 of 3rd period - Stopped by Janne Juvonen without a rebound.
3:00 of 3rd period - Jean-Gabriel Pageau wins face-off versus Adam Beckman in Gulls zone.
3:08 of 3rd period - Martin Chromiak is hit by Lucas Carlsson and loses puck.
4:02 of 3rd period - Off-side.
4:03 of 3rd period - Linus Olund wins face-off versus Ben Jones in neutral zone.
4:20 of 3rd period - Shot by Linus Olund.
4:20 of 3rd period - Deflect By Lukas Vejdemo.
4:20 of 3rd period - Stopped by Leevi Merilainen without a rebound.
4:21 of 3rd period - TJ Hensick wins face-off versus Aliaksei Protas in Senators zone.
4:29 of 3rd period - Shot by TJ Hensick.
4:29 of 3rd period - Shot Blocked by Ian Mitchell.
5:24 of 3rd period - Icing by Jack Rathbone.
5:25 of 3rd period - Ben Jones wins face-off versus Jean-Gabriel Pageau in Senators zone.
5:25 of 3rd period - Ben Jones is hit by Jean-Gabriel Pageau.
5:51 of 3rd period - Jean-Gabriel Pageau is hit by Jack Rathbone and loses puck.
5:59 of 3rd period - Fabian Zetterlund is hit by Joey Keane and loses puck.
6:18 of 3rd period - Phil Di Giuseppe is hit by Wade Allison.
6:40 of 3rd period - Shot by Phil Di Giuseppe.
6:40 of 3rd period - Goal by Phil Di Giuseppe - Gulls : 3 - Senators : 2.
6:41 of 3rd period - Aliaksei Protas wins face-off versus TJ Hensick in neutral zone.
6:47 of 3rd period - Off-side.
6:48 of 3rd period - TJ Hensick wins face-off versus Akil Thomas in neutral zone.
7:03 of 3rd period - Shot by Dylan Sikura.
7:03 of 3rd period - Stopped by Leevi Merilainen without a rebound.
7:04 of 3rd period - Linus Olund wins face-off versus Adam Beckman in Senators zone.
7:19 of 3rd period - Shot by Linus Olund.
7:19 of 3rd period - Shot Blocked by Ryan Merkley.
7:38 of 3rd period - Shot by Phil Di Giuseppe.
7:38 of 3rd period - Stopped by Leevi Merilainen without a rebound.
7:39 of 3rd period - Jean-Gabriel Pageau wins face-off versus Akil Thomas in Senators zone.
7:39 of 3rd period - Jean-Gabriel Pageau is hit by Ian Mitchell.
7:41 of 3rd period - Shot by Lars Eller.
7:41 of 3rd period - Shot Misses the Net.
8:01 of 3rd period - Shot by Akil Thomas.
8:01 of 3rd period - Shot Blocked by Ryan Shea.
8:03 of 3rd period - Shot by Zac Jones.
8:03 of 3rd period - Stopped by Janne Juvonen without a rebound.
8:04 of 3rd period - TJ Hensick wins face-off versus Ben Jones in Gulls zone.
8:04 of 3rd period - TJ Hensick is hit by Ben Jones.
8:38 of 3rd period - Icing by Jack Rathbone.
8:39 of 3rd period - Linus Olund wins face-off versus Ben Jones in Senators zone.
8:55 of 3rd period - Lukas Vejdemo is hit by Joey Keane and loses puck.
9:16 of 3rd period - Shot by Linus Olund.
9:16 of 3rd period - Shot Misses the Net.
9:18 of 3rd period - Shot by Linus Olund.
9:18 of 3rd period - Stopped by Leevi Merilainen with a rebound.
9:45 of 3rd period - Jean-Gabriel Pageau is hit by Zac Jones.
9:53 of 3rd period - Shot by Lars Eller.
9:53 of 3rd period - Stopped by Leevi Merilainen without a rebound.
9:54 of 3rd period - Adam Beckman wins face-off versus TJ Hensick in Senators zone.
10:24 of 3rd period - Ryan Merkley is hit by Sam Kurker and loses puck.
10:43 of 3rd period - Lars Eller is hit by Martin Chromiak and loses puck.
11:01 of 3rd period - Shot by Lars Eller.
11:01 of 3rd period - Shot Misses the Net.
11:03 of 3rd period - Shot by Dmitry Kulikov.
11:03 of 3rd period - Shot Misses the Net.
11:21 of 3rd period - Ian Mitchell is hit by Lars Eller and loses puck.
11:38 of 3rd period - Shot by Alex Beaucage.
11:38 of 3rd period - Deflect By Aliaksei Protas.
11:38 of 3rd period - Goal by Aliaksei Protas - Gulls : 3 - Senators : 3.
11:39 of 3rd period - Alex Limoges wins face-off versus Jamieson Rees in neutral zone.
11:41 of 3rd period - Lucas Carlsson is hit by Joey Keane and loses puck.
11:52 of 3rd period - Shot by Dalton Smith.
11:52 of 3rd period - Shot Hit the Post.
11:54 of 3rd period - Shot by Lucas Carlsson.
11:54 of 3rd period - Stopped by Leevi Merilainen with a rebound.
12:17 of 3rd period - Dalton Smith is hit by Jack Rathbone and loses puck.
12:41 of 3rd period - Icing by Aliaksei Protas.
12:42 of 3rd period - Jamieson Rees wins face-off versus Jean-Gabriel Pageau in Senators zone.
13:48 of 3rd period - Icing by Trevor Murphy.
13:49 of 3rd period - TJ Hensick wins face-off versus Adam Beckman in Gulls zone.
13:49 of 3rd period - TJ Hensick is hit by Theodor Niederbach.
14:14 of 3rd period - Shot by Sam Kurker.
14:14 of 3rd period - Stopped by Leevi Merilainen without a rebound.
14:15 of 3rd period - Aliaksei Protas wins face-off versus Linus Olund in Senators zone.
14:36 of 3rd period - Jack Rathbone is hit by Phil Di Giuseppe and loses puck.
14:43 of 3rd period - Shot by Alex Beaucage.
14:43 of 3rd period - Stopped by Janne Juvonen without a rebound.
14:44 of 3rd period - Lars Eller wins face-off versus Adam Beckman in Gulls zone.
15:05 of 3rd period - Martin Chromiak is hit by Mirco Mueller and loses puck.
15:17 of 3rd period - Icing by Jean-Gabriel Pageau.
15:18 of 3rd period - Lars Eller wins face-off versus Ben Jones in Gulls zone.
15:31 of 3rd period - Shot by Lars Eller.
15:31 of 3rd period - Shot Misses the Net.
15:37 of 3rd period - Shot by Aleksi Heponiemi.
15:37 of 3rd period - Deflect By Wade Allison.
15:37 of 3rd period - Shot Blocked by Mirco Mueller.
16:06 of 3rd period - Icing by Phil Di Giuseppe.
16:07 of 3rd period - Aliaksei Protas wins face-off versus Linus Olund in Gulls zone.
17:00 of 3rd period - Shot by Dylan Sikura.
17:00 of 3rd period - Shot Misses the Net.
17:08 of 3rd period - Shot by Martin Chromiak.
17:08 of 3rd period - Stopped by Janne Juvonen without a rebound.
17:09 of 3rd period - Ben Jones wins face-off versus Fabian Zetterlund in Gulls zone.
17:09 of 3rd period - Ben Jones is hit by Mirco Mueller.
17:10 of 3rd period - Minor Penalty to Dmitry Kulikov for Roughing.
17:11 of 3rd period - Jean-Gabriel Pageau wins face-off versus Ben Jones in Gulls zone.
17:22 of 3rd period - Shot by Wade Allison.
17:22 of 3rd period - Shot Misses the Net.
17:28 of 3rd period - Shot by Wade Allison.
17:28 of 3rd period - Goal by Wade Allison - Gulls : 3 - Senators : 4.
17:29 of 3rd period - Adam Beckman wins face-off versus Alex Limoges in neutral zone.
18:24 of 3rd period - Shot by Dmitry Kulikov.
18:24 of 3rd period - Shot Misses the Net.
18:46 of 3rd period - Shot by Jean-Gabriel Pageau.
18:46 of 3rd period - Stopped by Leevi Merilainen without a rebound.
18:47 of 3rd period - Ben Jones wins face-off versus Sam Kurker in Senators zone.
18:49 of 3rd period - Wade Allison is hit by Sam Kurker and loses puck.
19:01 of 3rd period - Gulls, Janne Juvonen is pulled from the net.
19:19 of 3rd period - Shot by Sam Kurker.
19:19 of 3rd period - Stopped by Leevi Merilainen without a rebound.
19:20 of 3rd period - Aliaksei Protas wins face-off versus Linus Olund in Senators zone.
19:41 of 3rd period - Shot by Mirco Mueller.
19:41 of 3rd period - Stopped by Leevi Merilainen with a rebound.
19:43 of 3rd period - Shot by Lars Eller.
19:43 of 3rd period - Shot Blocked by Zac Jones.
19:45 of 3rd period - Shot by Lars Eller.
19:45 of 3rd period - Deflect By Dylan Sikura.
19:45 of 3rd period - Shot Blocked by Ian Mitchell.
19:47 of 3rd period - Shot by Dylan Sikura.
19:47 of 3rd period - Stopped by Leevi Merilainen without a rebound.
19:48 of 3rd period - Aliaksei Protas wins face-off versus Linus Olund in Senators zone.
19:48 of 3rd period - Akil Thomas is hit by Lars Eller and loses puck.
Goals for this period are 1 for Gulls vs 2 for Senators.
Shots for this period are 12 for Gulls vs 7 for Senators.